Map: Blackburn LE

Players

Serral - Winner!

  • Race: Zerg Zerg
  • League: Master

LiquidClem (Clem)

  • Race: Terran Terran
  • League: Master

VOD

Have the link to the VOD?

Description

Time

  • Played on: Oct. 24, 2021, 12:58 p.m.
  • Length: 12:50
Show
View Real Time Build Order
Export as new Build Order

Serral Zerg - Winner!

Build Orders: Pool First 

Get SALT Encoding   

  12  0:00  Drone  
  13  0:12  Overlord  
  13  0:16  Drone  
  14  0:31  Drone x2  
  16  0:40  Spawning Pool  
  15  0:44  Drone  
  15  0:47  Drone  
  17  1:08  Hatchery  
  17  1:11  Drone  
  17  1:14  Drone  
  18  1:27  Queen, Zergling x2  
  18  1:29  Zergling x2  
  22  1:38  Overlord  
  22  1:55  Hatchery  
  22  2:00  Drone  
  22  2:02  Drone  
  23  2:11  Queen  
  23  2:15  Drone  
  26  2:20  Drone  
  28  2:22  Drone  
  28  2:29  Queen  
  30  2:35  Overlord  
  30  2:38  Drone  
  30  2:41  Drone  
  30  2:43  Drone  
  33  2:45  Drone  
  33  2:50  Drone x2  
  36  2:53  Drone  
  37  2:59  Drone  
  37  3:02  Drone  
  39  3:12  Extractor x2  
  36  3:13  Queen  
  36  3:14  Drone x3  
  41  3:21  Queen  
  41  3:22  Overlord  
  41  3:24  Drone  
  44  3:29  Roach Warren  
  44  3:32  Drone  
  44  3:34  Drone  
  45  3:35  Drone  
  45  3:38  Drone  
  45  3:39  Drone  
  48  3:44  Drone x2  
  48  3:47  Overlord  
  50  3:48  Drone  
  50  3:52  Drone  
  50  3:53  Drone  
  53  3:56  Overlord  
  53  4:03  Overlord  
  53  4:09  Roach x2  
  59  4:10  Roach  
  59  4:11  Drone  
  59  4:13  Drone  
  59  4:15  Drone  
  62  4:17  Drone  
  62  4:23  Lair  
  63  4:26  Drone  
  63  4:27  Drone x5  
  71  4:31  Roach  
  71  4:32  Drone  
  71  4:34  Overlord  
  71  4:35  Drone  
  71  4:36  Drone  
  71  4:38  Drone  
  75  4:39  Drone  
  75  4:42  Extractor x2  
  75  4:43  Drone  
  75  4:46  Drone  
  75  4:49  Overlord  
  75  4:51  Drone  
  77  4:55  Drone  
  77  4:56  Drone x4  
  77  4:59  Extractor x2  
  80  5:01  Drone x2, Spore Crawler  
  80  5:02  Drone  
  82  5:08  Roach x2  
  82  5:09  Evolution Chamber x2  
  82  5:10  Roach  
  86  5:16  Roach x2  
  86  5:17  Roach  
  86  5:19  Overlord  
  86  5:21  Overlord  
  92  5:22  Glial Reconstitution  
  92  5:24  Overseer  
  92  5:31  Overlord  
  92  5:34  Drone x3  
  92  5:35  Drone x3  
  98  5:37  Overlord  
  98  5:41  Zerg Missile Weapons Level 1  
  98  5:43  Zerg Ground Armor Level 1  
  98  5:47  Roach x2  
  102  5:50  Overlord  
  102  5:54  Infestation Pit  
  102  5:55  Overlord  
  101  6:00  Roach x2  
  101  6:01  Roach  
  107  6:06  Spore Crawler  
  107  6:10  Hatchery  
  105  6:12  Drone x2  
  105  6:17  Roach x4  
  115  6:27  Evolution Chamber  
  115  6:29  Roach x5  
  124  6:38  Overlord  
  122  6:44  Overlord x3  
  122  6:45  Infestor x2  
  127  6:49  Roach x4  
  135  6:54  Metabolic Boost, Drone  
  135  6:57  Spore Crawler  
  135  6:59  Overlord  
  135  7:02  Ravager  
  135  7:04  Hive  
  136  7:13  Spire  
  136  7:14  Roach x2  
  136  7:15  Roach x2  
  143  7:24  Extractor  
  143  7:26  Extractor, Drone x9  
  143  7:29  Queen  
  150  7:34  Ravager x3  
  150  7:35  Ravager  
  156  7:38  Overlord  
  156  7:42  Zerg Missile Weapons Level 2  
  156  7:43  Zergling x6  
  156  7:44  Zergling x2  
  160  7:47  Zerg Ground Armor Level 2  
  160  7:52  Zergling x6  
  160  7:57  Ravager x2  
  165  7:59  Zergling x10  
  170  8:08  Roach x6  
  182  8:13  Overseer, Overlord  
  182  8:14  Overlord  
  182  8:23  Drone x3  
  177  8:32  Roach x4  
  177  8:33  Roach x2  
  175  8:40  Hatchery  
  174  8:45  Roach x7  
  184  8:56  Greater Spire  
  184  8:59  Corruptor x3  
  190  9:05  Corruptor x2  
  187  9:50  Corruptor x2  
  190  9:55  Extractor  
  190  9:56  Extractor, Spore Crawler, Ravager  
  185  10:08  Brood Lord x5  
  195  10:15  Hatchery  
  182  10:21  Brood Lord x2  
  182  10:22  Queen x4  
  182  10:26  Ravager  
  182  10:27  Ravager  
  196  10:29  Overlord x2  
  196  10:36  Hydralisk Den  
  196  10:42  Zerg Melee Weapons Level 1  
  184  10:50  Roach x3  
  184  10:51  Roach x6  
  194  11:02  Adrenal Glands  
  194  11:18  Zergling x12  
  179  11:35  Roach x3  
  179  11:36  Roach x8  
  179  11:37  Muscular Augments  
  179  11:39  Lurker Den  
  186  11:52  Roach x10  
  185  12:06  Roach x3  
  185  12:07  Roach x12  
  185  12:17  Zergling x16  
Show
View Real Time Build Order
Export as new Build Order

LiquidClem Terran 

Build Orders: Reaper Expand 

Get SALT Encoding   

  12  0:00  SCV  
  13  0:12  SCV  
  14  0:17  Supply Depot  
  14  0:24  SCV  
  15  0:38  SCV  
  15  0:39  Barracks  
  16  0:43  Refinery  
  16  0:50  SCV  
  17  1:02  SCV  
  18  1:15  SCV  
  19  1:26  Reaper  
  19  1:27  Orbital Command  
  20  1:40  Command Center  
  20  1:48  Supply Depot  
  20  1:52  SCV  
  21  1:58  Marine  
  22  2:04  SCV  
  23  2:11  Factory  
  23  2:16  SCV  
  23  2:21  Barracks Reactor  
  24  2:28  SCV  
  25  2:40  SCV  
  25  2:41  Bunker  
  26  2:52  Orbital Command  
  26  2:53  SCV  
  26  2:55  Command Center  
  27  3:05  Barracks Tech Lab, Barracks  
  26  3:09  SCV  
  27  3:13  Hellion  
  27  3:18  Hellion  
  27  3:19  SCV  
  32  3:22  SCV  
  32  3:24  Marine  
  34  3:28  Stimpack  
  34  3:33  SCV  
  35  3:34  SCV  
  35  3:37  Refinery  
  35  3:40  Hellion  
  38  3:42  Hellion  
  38  3:43  Marine  
  38  3:46  SCV  
  38  3:47  SCV  
  43  3:55  Starport  
  43  3:58  SCV  
  43  4:01  Marine  
  43  4:02  SCV  
  46  4:08  Orbital Command  
  46  4:09  Marine x2  
  47  4:12  SCV  
  47  4:13  Factory Reactor  
  47  4:14  SCV  
  47  4:16  Supply Depot  
  50  4:19  Marine  
  52  4:24  SCV  
  52  4:26  SCV  
  52  4:27  Marine  
  52  4:28  Marine  
  55  4:34  SCV  
  55  4:36  SCV  
  55  4:37  Marine  
  59  4:38  SCV, Barracks  
  59  4:40  Supply Depot  
  59  4:45  Marine  
  60  4:47  Marine  
  60  4:52  Refinery  
  61  4:54  SCV x2  
  61  4:55  Marine  
  61  4:56  Medivac  
  61  4:57  Factory Tech Lab, Medivac  
  61  4:59  Engineering Bay  
  68  5:01  Engineering Bay  
  68  5:03  Marine  
  68  5:06  SCV  
  70  5:07  Marine  
  70  5:10  Supply Depot  
  70  5:11  Combat Shield  
  70  5:12  Refinery  
  70  5:14  Supply Depot, Orbital Command  
  71  5:18  SCV  
  71  5:19  Marine  
  71  5:20  SCV  
  74  5:23  Siege Tank  
  77  5:30  Barracks Tech Lab  
  77  5:32  Marine, SCV x2, Supply Depot  
  80  5:37  Supply Depot  
  80  5:39  Marine x2  
  82  5:43  Barracks x2  
  82  5:45  SCV  
  82  5:46  SCV  
  82  5:47  SCV  
  85  5:54  Marauder  
  85  5:55  Concussive Shells  
  85  5:56  Siege Tank  
  90  6:00  SCV x2, Supply Depot  
  92  6:04  Marine  
  92  6:06  SCV  
  92  6:10  Marauder  
  96  6:12  SCV  
  96  6:14  Supply Depot, Medivac  
  96  6:16  Terran Infantry Weapons Level 1  
  99  6:18  Marine, Terran Infantry Armor Level 1  
  99  6:21  Marauder, SCV  
  99  6:24  Marine  
  104  6:27  Supply Depot  
  104  6:28  SCV  
  104  6:31  Marine  
  105  6:33  Barracks Reactor  
  105  6:34  Barracks Reactor  
  105  6:36  SCV  
  105  6:39  SCV  
  104  6:40  SCV, Supply Depot  
  104  6:41  Marine, Siege Tank  
  104  6:44  Marauder  
  104  6:45  Marine  
  112  6:48  SCV  
  112  6:49  Marauder  
  115  6:54  Supply Depot  
  115  6:55  Supply Depot  
  115  6:56  Armory, SCV  
  115  6:58  SCV  
  115  7:03  Marine x2  
  115  7:04  SCV  
  115  7:07  Marauder  
  120  7:09  Supply Depot  
  120  7:11  Refinery, SCV  
  120  7:12  Marine  
  120  7:13  Marine, Marauder  
  120  7:15  Marine  
  126  7:16  Marine  
  126  7:21  Marine, Siege Tank  
  131  7:25  Refinery, SCV  
  131  7:27  SCV  
  128  7:30  SCV  
  128  7:32  Marine x2  
  128  7:33  Marine, Marauder  
  134  7:37  Factory  
  134  7:40  Marine x2  
  134  7:41  Marauder  
  134  7:43  SCV  
  139  7:44  Marine  
  139  7:50  Marine  
  139  7:51  Medivac x2  
  145  7:53  Marine x2  
  145  7:55  Siege Tank  
  145  7:56  Marine  
  151  8:00  SCV  
  151  8:01  Marine  
  151  8:02  Supply Depot  
  153  8:05  Marine  
  153  8:06  Marauder  
  153  8:08  Marine  
  153  8:09  Marine  
  153  8:12  Terran Infantry Weapons Level 2  
  158  8:20  Marine  
  158  8:21  Marauder  
  158  8:22  Factory Tech Lab  
  159  8:28  Marine, Siege Tank, Marauder  
  159  8:29  Marine  
  159  8:32  Marine, Terran Infantry Armor Level 2  
  161  8:34  Marine  
  161  8:35  Command Center  
  161  8:39  Supply Depot  
  161  8:40  Supply Depot  
  162  8:44  Marine, Siege Tank, Marauder  
  162  8:46  Marine  
  162  8:47  Marine  
  170  9:00  Siege Tank  
  170  9:01  Marine x2, Marauder  
  176  9:04  Marine x2, Command Center  
  176  9:07  Medivac  
  180  9:13  Marauder  
  180  9:15  Marine x2  
  180  9:16  Siege Tank  
  187  9:19  Marine x2  
  187  9:23  Medivac  
  189  9:33  Terran Vehicle Weapons Level 1  
  189  9:41  Marine  
  189  9:42  Marine  
  189  9:53  Supply Depot  
  189  9:54  Ghost Academy  
  189  10:04  Marine  
  189  10:13  Barracks  
  189  10:15  Marine x3, Siege Tank x2, Marauder  
  189  10:16  Marine x2, Barracks  
  189  10:17  Marauder, Barracks  
  187  10:21  Marine  
  187  10:33  Marine x3  
  187  10:34  Marine x2  
  196  10:36  Viking x2  
  196  10:37  Marauder  
  196  10:39  Marauder  
  184  10:51  Marine x2  
  184  10:53  Thor x2  
  184  10:54  Marine x3  
  184  10:55  Marine  
  184  10:56  Planetary Fortress  
  183  10:58  Marauder  
  183  10:59  Ghost  
  183  11:01  Marine  
  186  11:06  Viking x2  
  186  11:07  Marine x2  
  192  11:11  Marine x2  
  192  11:12  Marine  
  190  11:19  Marine x3  
  183  11:31  Marine  
  183  11:32  Marine  
  179  11:36  Medivac, Viking  
  179  11:38  Marine  
  175  11:41  Thor  
  175  11:43  Marine x2  
  175  11:45  Marine x3  
  175  11:47  Marine x2  
  169  11:54  Marine  
  169  11:55  Marine  
  169  11:58  Marine x2  
  169  12:00  Marine  
  162  12:02  Marine  
  162  12:03  Marine  
  162  12:06  Medivac x2  
  162  12:07  Marine x3  
  159  12:10  Marine  
  159  12:12  Marine  
  159  12:13  Marine  
  152  12:16  Marine  
  152  12:17  Marine  
  152  12:18  Marine  
  152  12:20  Marine  
  152  12:21  Marine  
  131  12:25  Marine x3  
  131  12:28  Marine  
  132  12:30  Marine  
  132  12:31  Marine  
Tags
 
Add a new tag
Caveats
  • Supply blocks, unpowered buildings, or Contaminate may cause inaccurate times.
  • Supply counts are checked every 10 seconds.